AoeStats
← Barón de la Cerveza

Hideout

508537984Analyzed
1v1 RM · 9d ago on Sep 22, 2026· 69m 29s· 2 players
Game mode
Random Map
Map size
Tiny (2 player)
Population
200
Speed
Normal
Resources
Standard
Victory
Conquest
Starting age
Dark Age
Ending age
Imperial Age
RankedLock teamsTeams togetherTeam positionsShared explorationLock speedFull tech treeHidden civsTurbo modeCheats
Victory
Defeat
🇲🇽 Danes · Mexico
1875
+8
🇦🇷 Chinese · Argentina
1675
-8
Maquiavelo
0:26 Loom
8:58 Feudal Age
9:42 Double-Bit Axe
14:15 Fletching
22:18 Castle Age
20:16 Horse Collar
21:15 Padded Archer Armor
21:06 Gold Mining
22:54 Bodkin Arrow
22:21 Crossbowman
24:47 Wheelbarrow
25:14 Town Watch
27:05 Ballistics
27:10 Heavy Plow
27:35 Leather Archer Armor
27:53 Bloodlines
30:23 Scale Barding Armor
37:01 Imperial Age
34:51 Hand Cart
38:03 Bracer
37:24 Arbalester
37:32 Capped Ram
40:46 Chemistry
40:25 Siege Ram
41:42 Ring Archer Armor
42:36 Chain Barding Armor
42:26 Forging
41:42 Siege Ram
42:47 Thumb Ring
42:48 Light Cavalry
43:29 Husbandry
45:52 Plate Barding Armor
47:15 Conscription
48:10 Iron Casting
47:03 Elite Skirmisher
49:30 Bow Saw
50:49 Blast Furnace
50:51 Scale Mail Armor
53:45 Rocketry
53:14 Elite Chu Ko Nu
54:30 Great Wall
58:16 Murder Holes
60:38 Chain Mail Armor
59:47 Pikeman
60:29 Squires
60:14 Arson
60:56 Great Wall
61:59 Plate Mail Armor
63:17 Elite Fire Lancer
Barón de la Cerveza
9:02 Feudal Age
9:12 Loom
9:11 Man-at-Arms
15:39 Fletching
16:52 Double-Bit Axe
18:43 Wheelbarrow
22:12 Castle Age
21:53 Horse Collar
22:20 Padded Archer Armor
22:14 Crossbowman
22:50 Bodkin Arrow
25:41 Bow Saw
25:34 Heavy Plow
26:37 Gold Mining
26:37 Stone Mining
34:21 Town Watch
38:34 Imperial Age
36:48 Elite Skirmisher
37:35 Thumb Ring
41:24 Leather Archer Armor
42:25 Bracer
43:06 Capped Ram
44:42 Town Patrol
44:47 Siege Ram
46:09 Hand Cart
45:49 Long Swordsman
46:14 Gambesons
46:29 Squires
47:35 Scale Mail Armor
47:03 Elite Varangian Guard
50:13 Conscription
49:13 Northmen's Fury
51:42 Chain Mail Armor
51:38 Forging
52:56 Plate Mail Armor
52:55 Forging
54:21 Ballistics
54:10 Siege Engineers
55:54 Hamask
57:53 Chemistry
Connection lost

Rejoining the realm…

Still unreachable

The connection could not be restored.

Session expired

The server has moved on; the page needs a fresh start.